Map: Orbital Shipyard

Players

Junjie

  • Race: Terran Terran

SticklerMac - Winner!

  • Race: Zerg Zerg

VOD

Have the link to the VOD?

Description

Time

  • Played on: Nov. 10, 2015, 12:09 a.m.
  • Length: 7:09
Show
View Real Time Build Order
Export as new Build Order

Junjie Terran 

Build Orders: Reaper Expand 

Get SALT Encoding   

  12  0:01  SCV  
  13  0:15  SCV  
  14  0:22  Supply Depot  
  14  0:28  SCV  
  15  0:44  SCV  
  15  0:48  Barracks  
  16  0:54  Refinery  
  16  0:56  SCV  
  17  1:08  SCV  
  18  1:28  SCV  
  19  1:38  Supply Depot  
  19  1:41  Reaper  
  20  1:49  Orbital Command  
  20  1:54  Command Center  
  20  2:01  Refinery  
  20  2:29  Factory  
  20  2:30  SCV  
  21  2:38  Marine  
  21  2:43  SCV  
  23  2:55  SCV  
  23  2:56  Marine  
  25  3:07  SCV  
  26  3:19  SCV  
  28  3:20  Starport  
  28  3:21  Factory Tech Lab  
  28  3:25  Barracks Tech Lab  
  27  3:34  Barracks  
  27  3:36  Barracks  
  27  3:46  Marine  
  28  3:51  Siege Tank  
  31  3:56  Combat Shields  
  31  4:02  Barracks  
  31  4:03  Marine  
  31  4:04  Medivac  
  34  4:17  SCV, Engineering Bay  
  34  4:19  Engineering Bay  
  34  4:22  Marauder  
  37  4:43  Marauder  
  38  5:00  Marine  
  39  5:14  Barracks Tech Lab  
  39  5:15  Barracks Reactor  
  39  5:17  SCV  
  39  5:18  Marine  
  42  5:23  Orbital Command  
  42  5:28  Medivac  
  43  5:29  SCV  
  43  5:32  Marine x2  
  46  5:42  Marine  
  46  5:43  SCV  
  46  6:01  Marine  
  46  6:03  SCV  
  46  6:04  Marine x2  
  46  6:08  Siege Tank  
  46  6:20  Refinery  
  46  6:23  Refinery  
  46  6:43  Supply Depot x2  
Show
View Real Time Build Order
Export as new Build Order

SticklerMac Zerg - Winner!

Build Orders: Pool First 

Get SALT Encoding   

  12  0:01  Drone  
  13  0:08  Drone  
  14  0:18  Overlord  
  14  0:37  Drone x3  
  17  0:49  Drone  
  18  0:52  Spawning Pool  
  17  1:14  Hatchery  
  17  1:17  Drone x2  
  18  1:20  Drone  
  19  1:31  Drone  
  20  1:34  Extractor  
  20  1:39  Queen  
  21  1:52  Overlord  
  21  2:04  Drone  
  21  2:08  Hatchery  
  21  2:14  Zergling x2  
  22  2:26  Queen  
  22  2:27  Drone  
  22  2:28  Drone  
  26  2:35  Drone  
  27  2:39  Zergling x2  
  28  2:47  Drone  
  29  2:54  Drone x4  
  33  3:11  Drone x3  
  36  3:14  Metabolic Boost  
  36  3:21  Lair  
  36  3:29  Drone x5  
  36  3:30  Zergling x2  
  42  3:36  Overlord  
  42  3:47  Overlord  
  42  3:54  Queen  
  44  3:57  Extractor  
  44  3:58  Drone x4  
  44  3:59  Drone x2  
  44  4:02  Zergling x2  
  50  4:06  Overlord, Zergling x2  
  51  4:10  Drone x5  
  51  4:15  Drone, Extractor  
  56  4:18  Drone  
  56  4:20  Drone  
  58  4:29  Baneling Nest  
  57  5:00  Zergling x2  
  57  5:01  Zergling x16  
  57  5:03  Overlord x4  
  57  5:04  Overlord  
  66  5:21  Overlord x3  
  66  5:38  Zergling x2  
  66  5:39  Zergling x16  
  75  5:45  Zergling x4  
  75  5:46  Zergling x2  
  75  5:47  Zergling x4  
  75  5:48  Zergling x2  
  81  6:02  Zergling x8  
  80  6:20  Zergling x2  
  80  6:21  Zergling x10  
  86  6:28  Baneling x3  
  86  6:29  Baneling x7  
  86  6:30  Baneling x18  
  86  6:33  Zergling x14  
  93  6:43  Zergling x2  
  93  6:44  Zergling x8  
  95  7:05  Hatchery  
Tags
 
Add a new tag
Caveats
  • Supply blocks, unpowered buildings, or Contaminate may cause inaccurate times.
  • Supply counts are checked every 10 seconds.